 Dungeon Crawl Stone Soup version 0.27.1-2-g3b301248ec (webtiles) character file.

Game seed: 11513919146636982009

46 vvl the Caller (level 3, -5/20 HPs)
             Began as a Kobold Summoner on Sept 30, 2021.
             Slain by Terence (8 damage)
             ... on level 2 of the Dungeon.
             The game lasted 00:04:41 (1969 turns).

vvl the Caller (Kobold Summoner)                    Turns: 1969, Time: 00:04:41

Health: -5/20      AC:  2    Str:  6    XL:     3   Next: 92%
Magic:  1/6        EV: 15    Int: 16    God:
Gold:   54         SH:  0    Dex: 15    Spells: 5/6 levels left

rFire    . . .     SeeInvis .   h - +0 dagger (flame)
rCold    . . .     Faith    .   (shield restricted)
rNeg     . . .     Spirit   .   a - +0 robe
rPois    .         Reflect  .   (no helmet)
rElec    .         Harm     .   (no cloak)
rCorr    .         Rampage  .   (no gloves)
Will     ++...                  (no boots)
Stlth    +++.......             (no amulet)
HPRegen  0.06/turn              e - ring of willpower
MPRegen  0.10/turn              g - ring of willpower

@: no status effects
A: small, no large weapons, nightstalker 3
a: no special abilities


You were on level 2 of the Dungeon.
You visited 1 branch of the dungeon, and saw 2 of its levels.

You collected 54 gold pieces.

Inventory:

Hand Weapons
 h - a +0 dagger of flaming (weapon)
Armour
 a - a +0 robe (worn)
Jewellery
 e - a ring of willpower (left hand)
 f - a ring of positive energy
 g - a ring of willpower (right hand)
Scrolls
 c - a scroll of acquirement {unknown}
 i - a scroll of enchant armour {unknown}
Potions
 b - a potion of might {unknown}
 d - a potion of curing {unknown}


   Skills:
 + Level 1.0 Fighting
 + Level 1.0 Crossbows
 + Level 2.7 Dodging
 - Level 3.0 Stealth
 + Level 0.6 Unarmed Combat
 + Level 2.4 Spellcasting
 + Level 4.2 Summonings
 + Level 0.8 Necromancy
 + Level 0.7 Transmutations


You had 5 spell levels left.
You knew the following spells:

 Your Spells              Type           Power      Damage    Failure   Level
a - Summon Small Mammal   Summ           60%        N/A       3%          1

Your spell library contained the following spells:

 Spells                   Type           Power      Damage    Failure   Level
 Call Imp                 Summ           15%        N/A       5%          2
 Call Canine Familiar     Summ           15%        N/A       11%         3
 Summon Guardian Golem    Hex/Summ       8%         N/A       26%         3
 Summon Lightning Spire   Summ/Air       8%         N/A       63%         4


Dungeon Overview and Level Annotations

Branches:
Dungeon (2/15)

Altars:

Shops:
D:1 =

Annotations:
D:2 Terence


Innate Abilities, Weirdness & Mutations

You are small and have problems with some larger weapons.
You are completely attuned to the shadows.


Message History

Terence is almost dead.
Your bat hits Terence but does no damage.
Terence barely misses your bat.
You barely miss Terence.
Terence is almost dead.
Your bat closely misses Terence.
Terence hits you with a +0 falchion.
* * * LOW HITPOINT WARNING * * *
You hit Terence but do no damage.
Terence is almost dead.
Your bat hits Terence but does no damage.
Your bat barely misses Terence.
Terence closely misses you.
You hit Terence but do no damage.
Terence is almost dead.
Your bat barely misses Terence.
Your bat closely misses Terence.
Your bat hits Terence but does no damage.
Terence barely misses your bat.
You hit Terence but do no damage.
Terence is almost dead.
Your bat closely misses Terence.
Terence closely misses you.
Your bat barely misses Terence.
Your bat hits Terence.
Your bat hits Terence but does no damage.
Your bat hits Terence but does no damage.
Casting: Summon Small Mammal (safe; 3% risk of failure)
Confirm with . or Enter, or press ? or * to list all spells.
Your bat hits Terence but does no damage.
Your bat barely misses Terence.
Terence closely misses your bat.
Your bat misses Terence.
You swap places.
Terence hits your bat with a +0 falchion.
Your bat dies!
Your bat's corpse disappears in a puff of smoke!
Terence hits your rat with a +0 falchion.
Your rat dies!
Your rat's corpse disappears in a puff of smoke!
Terence closely misses you.
Casting: Summon Small Mammal (safe; 3% risk of failure)
Confirm with . or Enter, or press ? or * to list all spells.
Terence hits you with a +0 falchion!
You die...

##....#### ##.##### #.#### #.# #.#
#.# .. #.# ##'## #.# #.# ##...##
##.# #.## ##.....## ###..# #..##
##.......##
##...###########...####.........#
...ยง...........@@b....'.........'
##.#.#########.....####.........#
#...# #.#(.## ##.......## ##.##
#.#### ##.....## #.# #.# ##...##
#.# #.# ##'## #.# #.# #.# #.# #.#
#.# #.# ##.#####


You could see Terence (ally target) and a friendly bat (summoned).

Vanquished Creatures
  A hound skeleton (D:2)
  An adder (D:2)
  A dart slug (D:1)
  A ball python (D:2)
  An endoplasm (D:2)
  4 goblins
  3 hobgoblins (D:1)
  2 quokkas
  A frilled lizard (D:1)
  2 kobolds
  3 rats
20 creatures vanquished.

Vanquished Creatures (collateral kills)
  A dart slug (D:1)
  2 bats (D:1)
  A giant cockroach (D:1)
  2 goblins (D:1)
  A hobgoblin (D:1)
  A rat (D:1)
8 creatures vanquished.

Vanquished Creatures (others)
  2 plants (D:1)
2 creatures vanquished.

Grand Total: 30 creatures vanquished

Notes
Turn   | Place    | Note
-------+----------+-------------------------------------------
     0 | D:1      | vvl the Kobold Summoner began the quest for the Orb.
     0 | D:1      | Reached XP level 1. HP: 10/10 MP: 3/3
   488 | D:1      | Reached XP level 2. HP: 14/15 MP: 0/5
   613 | D:1      | Found Oxolacuf's Jewellery Shoppe.
  1096 | D:1      | You fall into a shaft and drop 1 floor!
  1098 | D:2      | Reached XP level 3. HP: 20/20 MP: 6/6
  1139 | D:2      | Reached skill level 1 in Crossbows
  1226 | D:2      | Reached skill level 1 in Fighting
  1916 | D:2      | Noticed Terence
  1969 | D:2      | Slain by Terence

Illustrated notes

Levels and vault maps discovered:
D:1:      moated_graveyard_arrival, layout_basic, serial_shops, shop,
          serial_bayou_ford_a
D:2:      layout_loops_corners, shapermc_ecumenical_altar_mp_ritualfount,
          basic_altar, minmay_circle_x, uniq_terence

Skill      XL: |  1  2  3 |
---------------+----------+-----
Stealth        | 3 |  3.0
Crossbows      | 1 |  1.0
Fighting       | 1 |  1.0
Dodging        | |  2.7
Unarmed Combat | |  0.6
Spellcasting   | |  2.4
Summonings     | |  4.2
Necromancy     | |  0.8
Transmutations | |  0.7

Action                   || total
-------------------------++-------
Melee: Unarmed           ||    28
       Dagger            ||    76
 Cast: Summon Small Mamm ||    33
 Stab: Sleeping          ||    10
       Distracted        ||     2
Armor: Robe              ||    10
Dodge: Dodged            ||    82
